 Dungeon Crawl Stone Soup version 0.29.1-2-gbd0b4ee654 (webtiles) character file.

Game seed: 11533911891876630350

355 xian the Sneak (level 6, -8/37 HPs)
             Began as a Gargoyle Brigand on Nov 8, 2022.
             Was a Priest of Elyvilon.
             Mangled by a two-headed ogre
             ... wielding a +0 giant club
              (13 damage)
             ... on level 5 of the Dungeon.
             The game lasted 00:07:36 (3880 turns).

xian the Sneak (Gargoyle Brigand)                   Turns: 3880, Time: 00:07:38

Health: -8/37      AC: 11    Str: 22    XL:     6   Next: 63%
Magic:  6/6        EV: 12    Int: 12    God:    Elyvilon [***...]
Gold:   147        SH:  0    Dex: 11    Spells: 5/5 levels left

rFire   . . .      SeeInvis +   o - +2 short sword (venom)
rCold   . . .      Faith    .   (no shield)
rNeg    + . .      Spirit   .   b - +0 robe
rPois   ∞          Reflect  .   y - +2 helmet {SInv}
rElec   +          Harm     .   c - +0 cloak
rCorr   .          Rampage  .   x - +0 pair of gloves
Will    .....                   (no boots)
Stlth   +++.......              (no amulet)
HPRegen 0.12/turn               l - +6 ring of strength
MPRegen 0.10/turn               s - ring of see invisible

@: no status effects
A: sickness immunity, AC +4, negative energy resistance 1, electricity
resistance, torment resistance 1, petrification resistance
a: Renounce Religion, Purification, Heal Other, Heal Self


You were on level 5 of the Dungeon.
You worshipped Elyvilon.
Elyvilon was most pleased with you.
You visited 1 branch of the dungeon, and saw 5 of its levels.

You collected 147 gold pieces.

Inventory:

Hand Weapons
 o - a +2 short sword of venom (weapon)
Missiles
 d - 10 poisoned darts (quivered)
 e - 3 curare-tipped darts
 j - 3 silver boomerangs
Armour
 b - a +0 robe (worn)
 c - a +0 cloak (worn)
 x - a +0 pair of gloves (worn)
 y - a +2 helmet of see invisible (worn)
Jewellery
 l - a +6 ring of strength (left hand)
 s - a ring of see invisible (right hand)
Wands
 z - a wand of paralysis (6)
Scrolls
 a - a scroll of identify {unknown}
 h - 2 scrolls of teleportation {unknown}
 k - a scroll of poison {unknown}
 m - 3 scrolls of magic mapping
 n - a scroll of immolation {unknown}
 q - 2 scrolls of noise {unknown}
 r - 2 scrolls of butterflies {unknown}
 v - a scroll of fear {unknown}
 w - a scroll of blinking {unknown}
Potions
 f - 3 potions of heal wounds {unknown}
 g - a potion of berserk rage {unknown}
 i - a potion of invisibility {unknown}
 p - a potion of brilliance {unknown}
 t - a potion of magic {unknown}
 u - a potion of might {unknown}


   Skills:
 + Level 3.3 Fighting
 + Level 3.2 Short Blades
 + Level 2.0 Throwing
 + Level 2.3 Dodging
 + Level 6.6 Stealth


You had 5 spell levels left.
You didn't know any spells.
Your spell library contained the following spells:

 Spells                   Type           Power      Damage    Failure   Level
 Scorch                   Fire           0%         2d5       45%         2
 Gell's Gravitas          Tloc           0%         N/A       69%         3
 Lesser Beckoning         Tloc           0%         N/A       69%         3
 Teleport Other           Tloc           0%         N/A       69%         3
 Flame Wave               Conj/Fire      0%         2d4       97%         4
 Dispersal                Tloc           0%         N/A       100%        6
 Summon Cactus Giant      Summ           0%         N/A       100%        6


Dungeon Overview and Level Annotations

Branches:
Dungeon (5/15)
 Temple: D:4-7

Altars:
Elyvilon
Uskayaw

Shops:
D:2 (


Innate Abilities, Weirdness & Mutations

You are immune to sickness and miasma.
Your stone body is resilient. (AC +4)
You are immune to poison.
You resist negative energy. (rN+)
You are resistant to electric shocks. (rElec)
You are resistant to unholy torment.
You are immune to petrification.


Message History

You slide downwards.
The hatch slams shut behind you.
A two-headed ogre comes into view. It is wielding two +0 giant clubs.
The helpless two-headed ogre fails to defend itself.
You puncture the two-headed ogre!
The two-headed ogre is poisoned.
The two-headed ogre is moderately wounded.
The two-headed ogre attacks as you move away!
The two-headed ogre hits you with a +0 giant club! x2
The two-headed ogre attacks as you move away!
The two-headed ogre hits you with a +0 giant club.
* * * LOW HITPOINT WARNING * * *
The two-headed ogre barely misses you.
The two-headed ogre looks more healthy.
An ice beast comes into view.
Found a scroll labelled KICACZO OLYJE.
You are too injured to fight recklessly!
You open the door.
An iguana comes into view.
Found 12 gold pieces.
Found a stone staircase leading down.
Throw: 12 darts (poison)
Press: ? - help, Q - select action, (/) - cycle Shift-Dir - straight line, f - two-headed ogre
Aim: a two-headed ogre, wielding two +0 giant clubs (lightly wounded, 73% to hit)
You throw a poisoned dart.
The poisoned dart barely misses the two-headed ogre.
The iguana hisses angrily.
A hound comes into view.
The two-headed ogre hits you with a +0 giant club!
* * * LOW HITPOINT WARNING * * *
The two-headed ogre barely misses you.
Throw: 11 darts (poison)
Press: ? - help, Q - select action, (/) - cycle Shift-Dir - straight line, f/p - two-headed ogre
Aim: a two-headed ogre, wielding two +0 giant clubs (lightly wounded, 73% to hit)
You throw a poisoned dart.
The poisoned dart hits the two-headed ogre.
The two-headed ogre is poisoned.
The two-headed ogre is lightly wounded.
The hound barks!
The two-headed ogre hits you with a +0 giant club!
Elyvilon protects you from harm!
The two-headed ogre hits you with a +0 giant club!
You die...

#..##
#####...####...>.....#
...........+.........+
#####...####.......lh
#..## .....$. #.##
..... #.# ... #.# #'#
# #.# #@# .. #.# #O#
#..##.##########.##
#...............?##
#.##.##...........# #
#.##.####.....##
#......##..#.##
####..Y.....(..
#.#.........#


You could see a two-headed ogre (poisoned), an iguana and a hound.

Vanquished Creatures
  A bullfrog (D:4)
  A hound (D:3)
  Jessica (D:3)
  An iguana (D:4)
  Ijyb (D:4)
  Robin (D:4)
  3 gnolls (D:4)
  5 adders
  2 dart slugs
  4 orcs
  2 ball pythons
  6 endoplasms
  2 giant cockroaches
  19 goblins
  12 hobgoblins
  2 jackals (D:3)
  8 kobolds
  3 quokkas (D:1)
  10 bats
  3 frilled lizards
  5 rats
92 creatures vanquished.

Notes
Turn   | Place    | Note
-------+----------+-------------------------------------------
     0 | D:1      | xian the Gargoyle Brigand began the quest for the Orb.
     0 | D:1      | Reached XP level 1. HP: 12/12 MP: 1/1
   224 | D:1      | Reached XP level 2. HP: 18/18 MP: 2/2
   318 | D:1      | Found a faded altar of an unknown god.
   343 | D:1      | Prayed at the altar of an unknown god.
   343 | D:1      | Became a worshipper of Elyvilon the Healer
   343 | D:1      | Reached * piety under Elyvilon
   488 | D:1      | Reached skill level 1 in Dodging
   753 | D:1      | Reached skill level 5 in Stealth
   753 | D:1      | Reached XP level 3. HP: 22/22 MP: 3/3
  1167 | D:2      | Found Lifyluam's Antique Weapon Shop.
  1169 | D:2      | Reached ** piety under Elyvilon
  1650 | D:3      | Reached XP level 4. HP: 27/27 MP: 4/4
  2129 | D:3      | Reached XP level 5. HP: 31/31 MP: 5/5
  2142 | D:3      | Noticed Jessica
  2149 | D:3      | Killed Jessica
  2150 | D:3      | Reached skill level 6 in Stealth
  2311 | D:3      | Found a hide-covered altar of Uskayaw.
  2479 | D:4      | Reached *** piety under Elyvilon
  2804 | D:4      | Noticed Robin
  2824 | D:4      | Killed Robin
  3068 | D:4      | Reached XP level 6. HP: 37/37 MP: 6/6
  3121 | D:4      | Noticed Ijyb
  3130 | D:4      | Paralysed by Ijyb for 5 turns
  3132 | D:4      | Killed Ijyb
  3824 | D:5      | Entered Level 5 of the Dungeon
  3834 | D:5      | Noticed a two-headed ogre
  3864 | D:5      | Noticed an ice beast
  3880 | D:5      | Elyvilon protects you from harm!
  3880 | D:5      | Mangled by a two-headed ogre

Illustrated notes

Levels and vault maps discovered:
D:1:      minmay_arrival_radiant_lines, layout_loops_ring,
          ebering_ecumenical_altar_mist, minmay_misc_feat_roman,
          nicolae_concentric_dashed_squares_wild
D:2:      layout_basic, serial_shops, shop, amcnicky_mini_pool_small,
          minmay_misc_feat_nine_boxes
D:3:      layout_basic, nicolae_overflow_crystal_walls, serial_glass,
          glass_columns_a, glass_columns_c, glass_columns_b, glass_columns_b,
          glass_columns_a, glass_columns_a, glass_columns_b, glass_columns_a,
          minmay_distorted, uniq_jessica
D:4:      layout_basic, uniq_ijyb, uniq_robin
D:5:      layout_loops_corners, roderic_lattice_a, kennysheep_path_1

Skill      XL: |  1  2  3  4  5  6 |
---------------+-------------------+-----
Dodging        | 1 2 |  2.3
Short Blades   | 2 3 |  3.2
Stealth        | 5 6 |  6.6
Throwing       | 2 |  2.0
Fighting       | 3 |  3.3

Action                   |  1- 3 |  4- 6 || total
-------------------------+-------+-------++-------
Melee: Dagger            |    89 |    28 ||   117
       Punch             |     1 |     4 ||     5
       Short sword       |       |   158 ||   158
Throw: Dart              |     4 |     2 ||     6
  Use: Scroll            |       |     1 ||     1
 Stab: Sleeping          |    12 |     7 ||    19
Armor: Robe              |    28 |    80 ||   108
Dodge: Dodged            |    48 |   118 ||   166
